 Dungeon Crawl Stone Soup version 0.27-a0-1219-g958d993ae5 (webtiles) character file.

Game seed: 7065252007414539305

267998 polve the Peltast (level 19, -4/146 HPs)
             Began as a Demonspawn Abyssal Knight on June 6, 2021.
             Was the Champion of Lugonu.
             Slain by a black mamba (36 damage)
             ... on level 4 of the Snake Pit.
             The game lasted 01:19:17 (33399 turns).

polve the Peltast (Demonspawn Abyssal Knight)      Turns: 33399, Time: 01:19:17

Health: -4/146     AC: 37    Str: 35    XL:     19   Next: 74%
Magic:  26/26      EV: 11    Int: 17    God:    Lugonu [******]
Gold:   3708       SH:  0    Dex: 22    Spells: 18/18 levels left

rFire    + . .     SeeInvis +   b - +8 broad axe (distort)
rCold    + + +     Faith    .   k - +2 tower shield
rNeg     + . .     Spirit   .   I - +1 crystal plate armour
rPois    +         Reflect  +   q - +2 helmet
rElec    .         Harm     .   H - +2 cloak of the Little Devil {Fly rC+ Str+4}
rCorr    .         Rampage  .   s - +2 pair of gloves
Will     +....                  (boots unavailable)
Stlth    ..........             p - amulet of Day {Reflect Contam Int+4 Dex+9 SH+5}
HPRegen  1.34/turn              v - ring of fire
MPRegen  0.20/turn              x - ring of Veqaegun {rPois rC+ rN+ Str+8 SInv}

@: lethally poisoned (-4 -> -25), sleeping, flying
A: hooves 3, icy blue scales 3, powered by death 2, powered by pain 3,
augmentation 2, cold resistance 1, deterioration 1, screaming 1, strong 1,
evolution 1
}: 1/15 runes: barnacled
a: Renounce Religion, Depart the Abyss, Bend Space, Banish, Corrupt, Enter the
Abyss


You were on level 4 of the Snake Pit.
You worshipped Lugonu.
Lugonu was exalted by your worship.
You visited 6 branches of the dungeon, and saw 33 of its levels.
You visited the Abyss 3 times.
You visited 1 bazaar.
You also visited: Ice Cave and Volcano.

You collected 5011 gold pieces.
You spent 1303 gold pieces at shops.

Inventory:

Hand Weapons
 a - the +8 arc blade {discharge, rElec}
   (You found it on level 5 of the Dungeon)

   It insulates you from electricity.
 b - a +8 broad axe of distortion (weapon)
Missiles
 g - 5 curare-tipped darts
 h - 8 throwing nets
 y - 6 atropa-tipped darts
 O - 9 boomerangs of dispersal
Armour
 k - a +2 tower shield (worn)
 q - a +2 helmet (worn)
 s - a +2 pair of gloves (worn)
 H - the +2 cloak of the Little Devil (worn) {Fly rC+ Str+4}
   (You acquired it on level 1 of the Lair of Beasts)

   It affects your strength (+4).
   It protects you from cold.
   It grants you flight.
 I - a +1 crystal plate armour (worn)
 L - the +3 hat of Pondering {ponderous, Will+ MP+10 Int+5}
   (You took it off Gastronok on level 3 of the Lair of Beasts)

   It affects your intelligence (+5).
   It affects your magic capacity (+10).
   It increases your willpower.
Jewellery
 p - the amulet of Day (around neck) {Reflect Contam Int+4 Dex+9 SH+5}
   (You found it on level 4 of the Dungeon)

   [amulet of reflection]

   It reflects blocked missile attacks.
   It affects your intelligence (+4).
   It affects your dexterity (+9).
   It causes magical contamination when unequipped.
   It affects your SH (+5).
 v - a ring of fire (left hand)
 w - a +6 ring of strength
 x - the ring of Veqaegun (right hand) {rPois rC+ rN+ Str+8 SInv}
   (You bought it in a shop in a bazaar)

   [ring of positive energy]

   It affects your strength (+8).
   It protects you from cold.
   It protects you from poison.
   It protects you from negative energy.
   It lets you see invisible.
 M - a ring of flight
Wands
 d - a wand of iceblast (28)
 z - a wand of flame (117)
 A - a wand of charming (10)
 B - a wand of acid (39)
 F - a wand of digging (6)
 G - a wand of paralysis (18)
 N - a wand of polymorph (25)
Scrolls
 c - 2 scrolls of brand weapon
 e - 14 scrolls of teleportation
 i - 9 scrolls of identify
 l - 3 scrolls of enchant armour
 m - 5 scrolls of amnesia
 r - 2 scrolls of blinking
 t - 5 scrolls of fog
 u - 3 scrolls of magic mapping
 T - a scroll of torment {unknown}
 U - 4 scrolls of fear
 W - a scroll of silence {unknown}
Potions
 f - 4 potions of cancellation
 j - 3 potions of invisibility {unknown}
 n - 4 potions of brilliance
 o - 12 potions of curing
 C - 2 potions of haste
 D - 8 potions of mutation
 E - 2 potions of lignification
 J - 2 potions of might
 K - 6 potions of berserk rage
 R - 3 potions of attraction
 V - 2 potions of magic {unknown}
Miscellaneous
 P - a lightning rod (4/4)
 X - a lightning rod (4/4)


   Skills:
 - Level 12.0 Fighting
 - Level 14.0(15.3) Short Blades
 - Level 11.2(14.0) Long Blades
 + Level 2.8 Axes
 - Level 12.0 Armour
 - Level 8.0 Dodging
 - Level 19.9 Shields
 - Level 10.0 Invocations
 - Level 5.0 Evocations


You had 18 spell levels left.
You didn't know any spells.
Your spell library contained the following spells:

 Spells                   Type           Power      Damage    Failure   Level
 Animate Skeleton         Necr           0%         N/A       99%         1
 Apportation              Tloc           0%         N/A       99%         1
 Corona                   Hex            0%         N/A       99%         1
 Foxfire                  Conj/Fire      0%         2x1d4     99%         1
 Freeze                   Ice            0%         1d3       99%         1
 Sandblast                Erth           0%         2d4       99%         1
 Shock                    Conj/Air       0%         1d3       99%         1
 Sting                    Tmut/Pois      0%         1d3       99%         1
 Summon Small Mammal      Summ           0%         N/A       99%         1
 Blink                    Tloc           N/A        N/A       100%        2
 Passwall                 Tmut/Erth      0%         N/A       100%        2
 Poisonous Vapours        Pois/Air       0%         N/A       100%        2
 Static Discharge         Conj/Air       0%         N/A       100%        2
 Conjure Flame            Conj/Fire      0%         6-21      100%        3
 Frozen Ramparts          Ice            0%         1d2       100%        3
 Gell's Gravitas          Tloc           0%         N/A       100%        3
 Ignite Poison            Fire/Tmut/Pois 0%         N/A       100%        3
 Inner Flame              Hex/Fire       0%         N/A       100%        3
 Lesser Beckoning         Tloc           0%         N/A       100%        3
 Mephitic Cloud           Conj/Pois/Air  0%         N/A       100%        3
 Stone Arrow              Conj/Erth      0%         3d7       100%        3
 Swiftness                Air            0%         N/A       100%        3
 Teleport Other           Tloc           0%         N/A       100%        3
 Airstrike                Air            0%         N/A       100%        4
 Ice Form                 Ice/Tmut       0%         N/A       100%        4
 Olgreb's Toxic Radiance  Pois           0%         N/A       100%        4
 Petrify                  Tmut/Erth      0%         N/A       100%        4
 Sticky Flame             Conj/Fire      0%         2d3       100%        4
 Summon Ice Beast         Ice/Summ       0%         N/A       100%        4
 Fireball                 Conj/Fire      0%         3d3       100%        5
 Lee's Rapid Deconstruct  Erth           0%         3d5*      100%        5
 Lightning Bolt           Conj/Air       0%         1d11      100%        5
 Manifold Assault         Tloc           0%         N/A       100%        5
 Metabolic Englaciation   Hex/Ice        0%         N/A       100%        5
 Freezing Cloud           Conj/Ice/Air   0%         6-21      100%        6
 Simulacrum               Ice/Necr       0%         N/A       100%        6
 Ozocubu's Refrigeration  Ice            0%         4d5       100%        7
 Ignition                 Fire           0%         3d3       100%        8
 Shatter                  Erth           0%         3d5*      100%        9
 Tornado                  Air            0%         N/A       100%        9


Dungeon Overview and Level Annotations

Branches:
Dungeon (15/15)            Temple (0/1) D:7            Lair (6/6) D:11
 Shoals (4/4) Lair:2        Snake (4/4) Lair:2        Slime (0/5) Lair:5
    Orc (2/2) D:10            Elf (2/3) Orc:2        Vaults (0/5) D:13
 Depths (0/5) D:15          IceCv (visited)         Volcano (visited)

Altars:
Ashenzari
Cheibriados
Dithmenos
Hepliaklqana
Kikubaaqudgha
Makhleb
Nemelex Xobeh
Qazlal
Sif Muna
Uskayaw
Vehumet
Wu Jian
Xom
Zin
Beogh

Shops:
D:1 :   D:2 :   D:3 (   D:6 [   D:14 [   Orc:2 [([?   Elf:2 (

Annotations:
D:11 exclusion: 4 oklob plants
Snake:4 Aizul


Innate Abilities, Weirdness & Mutations

You have hooves in place of feet.
You are completely covered in icy blue scales. (AC +4, rC+)
You regenerate health from kills.
You are powered by pain.
Your magical and physical power is enhanced at high health.
Your flesh is cold resistant. (rC+)
Your body sometimes deteriorates upon taking damage.
You occasionally shout uncontrollably at your foes.
Your muscles are strong. (Str +2)
You evolve.


Message History

The naga warrior shouts!
The naga mage shouts!
You slash Aizul!
Space warps horribly around Aizul!
Your kick misses Aizul.
Aizul is heavily wounded.
You feel very sick. You block Aizul's attack.
The naga warrior roars a battlecry!
The naga warrior goes into a battle-frenzy!
The naga mage casts a spell at the naga ritualist.
The naga ritualist seems to grow toxic.
Aizul casts a spell at you. The bolt of poison hits you!
You are more poisoned.
You resist. The naga warrior spits poison at you.
The splash of poison reflects off an invisible shield around you!
The splash of poison hits the naga warrior.
The naga mage gestures at the black mamba while chanting.
The black mamba seems to grow toxic.
The naga warrior roars a battlecry!
The nagas go into a battle-frenzy!
You miss Aizul. You kick Aizul!
Aizul is severely wounded.
The naga warrior blocks your attack.
You slash the mana viper!
You feel extremely sick.
Aizul coils herself and waves her upper body at you.
The bolt of poison hits you!
You are more poisoned.
You resist. You block the mana viper's attack.
You block the black mamba's attack. Aizul hits you but does no damage.
The mana viper bites you but does no damage.
The black mamba bites you.
* * * LOW HITPOINT WARNING * * *
The naga mage gestures wildly while chanting.
The naga mage seems to speed up.
Aizul coils herself and waves her upper body at you.
You fall asleep.
The mana viper closely misses you.
You feel extremely sick. The black mamba bites you!!!
You die...

.......
#.....#
#.....#
#N#...#
##.#..#
#.....#
####.....#
#.N@S<...#
#.S.S....#
#..N...###
.N.........
..####..#....#
.. #..#....# .
......###
...#..N#


You could see Aizul (poisoned), 3 naga warriors, a naga ritualist (strong,
curare), a mana viper, a black mamba (curare) and a naga mage (fast).

Vanquished Creatures
  Vashnia (Snake:2)
  Nikola (Snake:1)
  Rupert (Lair:3)
  Asterion (Snake:2)
  4 tentacled starspawn
  An Executioner (Abyss:2)
  Gastronok (Lair:3)
  Polyphemus (Shoals:4)
  A revenant (Abyss:1)
  A frost giant (Shoals:4)
  2 deep elf sorcerers
  A cacodemon (Abyss:3)
  Louise (D:14)
  A white draconian (IceCv)
  A deep elf death mage (Elf:2)
  A merfolk javelineer (Shoals:4)
  A green death (Abyss:2)
  A fire dragon (Shoals:3)
  8 merfolk impalers
  An ice dragon (Shoals:3)
  Erolcha (D:11)
  Fannar (Orc:1)
  2 great orbs of eyes
  6 boulder beetles
  6 naga warriors
  3 anacondas
  4 catoblepae
  6 hydras
  2 ogre magi
  14 two-headed ogres
  5 centaur warriors
  4 merfolk avatars
  2 satyrs
  25 dancing weapons
  4 merfolk aquamancers
  An alligator snapping turtle (Shoals:3)
  Urug (Lair:2)
  8 naga sharpshooters (Snake:2)
  An orc high priest (Orc:2)
  4 tengu warriors
  A vampire mage (D:15)
  2 shock serpents (Snake:2)
  17 death yaks
  A hell knight (Volcano)
  8 thrashing horrors
  11 deep elf knights
  2 sixfirhies
  A soul eater (Abyss:2)
  5 wretched stars
  7 skeletal warriors
  10 sea snakes
  A death drake (Abyss:3)
  3 naga ritualists (Snake:2)
  A glowing orange brain (D:14)
  A shadow demon (Abyss:2)
  29 deep elf pyromancers
  2 necromancers
  10 deep elf archers
  10 harpies
  3 orc knights
  Pikel (D:9)
  25 deep elf zephyrmancers
  An orb spider (Abyss:3)
  A will-o-the-wisp (Abyss:2)
  12 fauns
  4 mana vipers (Snake:2)
  21 ugly things
  3 salamanders
  A shadow dragon skeleton (Abyss:1)
  2 frost giant zombies
  9 cyclopes
  2 fire giant zombies
  3 oklob plants (Lair:2)
  2 orc sorcerers
  2 worldbinders
  15 manticores
  3 wolf spiders
  A frost giant skeleton (D:15)
  25 black mambas
  8 merfolk sirens
  3 guardian serpents
  7 elephants
  3 smoke demons
  An ice statue (IceCv)
  2 orange demons
  7 naga magi
  A cane toad (shapeshifter) (Abyss:2)
  2 gargoyles
  6 water nymphs
  8 cane toads
  2 unseen horrors
  2 demonic crawlers (Abyss:1)
  5 komodo dragons
  A freezing wraith (D:11)
  2 kobold demonologists
  5 rime drakes
  A tengu conjurer (D:13)
  A queen bee (D:11)
  6 hellwings
  7 trolls
  A red devil (Abyss:2)
  6 ancient zymes
  A polar bear (shapeshifter) (Abyss:1)
  20 polar bears
  5 wind drakes
  25 merfolk
  15 blink frogs
  A fire dragon zombie (D:15)
  A frost giant simulacrum (Abyss:1)
  10 slime creatures
  12 raiju
  13 dream sheep (Lair:6)
  6 snapping turtles
  5 wraiths
  An air elemental (Abyss:2)
  70 yaks
  2 vampires
  31 starcursed masses
  17 water elementals
  4 shadows
  4 ynoxinuls
  10 basilisks
  2 fire elementals
  A golden eye (Abyss:2)
  Grum (D:9)
  A basilisk (shapeshifter) (D:15)
  5 humans (Orc:2)
  A steam dragon (D:10)
  4 neqoxecs
  4 vampire mosquitoes (D:12)
  A warg (Orc:1)
  24 nagas
  2 acid dragons
  17 water moccasins
  10 large abominations
  An ice beast (D:5)
  51 orc warriors
  2 black bears
  A necrophage (D:7)
  2 boggarts (D:14)
  4 ogres
  24 wolves
  38 centaurs
  13 small abominations
  A phantom (D:10)
  A lemure (D:9)
  2 kobold brigands (D:9)
  A gnoll sergeant (D:6)
  A wyvern zombie (D:7)
  9 bullfrogs
  A scorpion (D:5)
  A water moccasin zombie (D:5)
  A water moccasin skeleton (D:5)
  22 wights
  49 killer bees
  3 troll zombies (D:10)
  5 electric eels
  9 howler monkeys
  3 bullfrog zombies
  2 quasits
  A centaur zombie (D:9)
  4 hounds
  2 jellies
  14 orc priests
  A bullfrog skeleton (D:6)
  4 iron imps
  A gnoll shaman (D:4)
  2 iguanas (D:5)
  Ijyb (D:5)
  30 orc wizards
  12 hell rats (Lair:6)
  3 ogre zombies (D:10)
  4 centaur simulacra
  A hound zombie (D:5)
  2 hound skeletons (D:4)
  A howler monkey zombie (D:11)
  9 gnolls
  8 adders
  A howler monkey skeleton (D:7)
  2 shadow imps
  17 white imps
  A howler monkey simulacrum (D:9)
  8 ufetubi
  A worm (D:2)
  4 dart slugs (D:3)
  83 orcs
  A ball python (D:2)
  5 bats
  6 endoplasms
  2 giant cockroaches
  5 goblins
  7 hobgoblins
  4 jackals (D:2)
  20 kobolds
  2 quokkas
  A frilled lizard (D:1)
  A goblin skeleton (D:10)
  2 goblin zombies (D:10)
  3 hobgoblin skeletons (D:10)
  2 orc skeletons (D:10)
  11 orc zombies (D:10)
  3 rats (D:1)
  A bush (Shoals:3)
  A plant (Lair:2)
  7 starspawn tentacles
1350 creatures vanquished.

Vanquished Creatures (others)
  A blizzard demon (Abyss:1)
  A thrashing horror (Abyss:3)
  3 deep elf knights
  A quasit (Abyss:2)
  An orc (D:10)
  2 bushes (D:11)
  6 foxfires (Abyss:2)
  26 fungi
  83 plants
  8 starspawn tentacles (Abyss:2)
  6 withered plants (D:15)
138 creatures vanquished.

Grand Total: 1488 creatures vanquished

Notes
Turn   | Place    | Note
-------+----------+-------------------------------------------
     0 | Abyss:1  | polve the Demonspawn Abyssal Knight began the quest for the
                  | Orb.
     0 | Abyss:1  | Reached XP level 1. HP: 18/18 MP: 2/2
    67 | Abyss:2  | Noticed an ancient zyme
    78 | D:1      | Escaped the Abyss
   378 | D:1      | Gained mutation: You are partially covered in icy blue
                  | scales. (AC +2) [demonic ancestry]
   378 | D:1      | Reached XP level 2. HP: 24/24 MP: 1/3
   504 | D:1      | Found Naxkommu's Book Emporium.
   626 | D:1      | Reached * piety under Lugonu
   814 | D:1      | Found a faded altar of an unknown god.
  1194 | D:2      | Gained mutation: You are mostly covered in icy blue scales.
                  | (AC +3) [demonic ancestry]
  1194 | D:2      | Reached XP level 3. HP: 28/29 MP: 4/4
  1651 | D:2      | Reached XP level 4. HP: 33/35 MP: 5/5
  1698 | D:2      | Found Hoel's Book Emporium.
  1880 | D:3      | Found Sityip's Weapon Boutique.
  1948 | D:3      | Reached skill level 1 in Dodging
  1970 | D:3      | Found a shadowy altar of Dithmenos.
  2000 | D:3      | Reached ** piety under Lugonu
  2097 | D:3      | Gained mutation: You have large cloven feet. [demonic
                  | ancestry]
  2097 | D:3      | Reached XP level 5. HP: 42/42 MP: 6/6
  2320 | D:3      | Found an ancient bone altar of Kikubaaqudgha.
  2594 | D:4      | Identified the amulet of Day {Reflect Contam Int+4 Dex+9
                  | SH+5}
  2751 | D:4      | Gained mutation: You sometimes gain a little power by
                  | taking damage. [demonic ancestry]
  2751 | D:4      | Reached XP level 6. HP: 33/49 MP: 7/7
  2821 | D:4      | Reached *** piety under Lugonu
  2877 | D:4      | Reached skill level 5 in Fighting
  3069 | D:5      | Entered Level 5 of the Dungeon
  3080 | D:5      | Gained mutation: You sometimes gain power by taking damage.
                  | [demonic ancestry]
  3080 | D:5      | Reached XP level 7. HP: 50/56 MP: 8/8
  3199 | D:5      | Found the +8 arc blade {discharge, rElec}
  3602 | D:5      | Found a broken altar of Ashenzari.
  3724 | D:5      | Noticed Ijyb
  3730 | D:5      | Killed Ijyb
  4140 | D:5      | Gained mutation: You regenerate a little health from kills.
                  | [demonic ancestry]
  4140 | D:5      | Reached XP level 8. HP: 58/64 MP: 9/11
  4141 | D:5      | Reached skill level 5 in Invocations
  4455 | D:6      | Found a hide-covered altar of Uskayaw.
  4818 | D:6      | Found Ygaisaa's Armour Shoppe.
  5580 | D:7      | Reached **** piety under Lugonu
  5604 | D:7      | Reached skill level 10 in Invocations
  5853 | D:7      | Found a staircase to the Ecumenical Temple.
  5978 | D:7      | Reached XP level 9. HP: 44/69 MP: 16/16
  6288 | D:8      | Found a snail-covered altar of Cheibriados.
  6367 | D:8      | Reached skill level 5 in Short Blades
  6520 | D:8      | Found a hazy altar of Hepliaklqana.
  6622 | D:8      | Noticed a two-headed ogre
  6627 | D:8      | Killed a two-headed ogre
  7474 | D:9      | Noticed a polar bear
  7482 | D:9      | Killed a polar bear
  7483 | D:9      | Gained mutation: You have hoof-like feet. [demonic
                  | ancestry]
  7483 | D:9      | Reached XP level 10. HP: 63/77 MP: 17/17
  7606 | D:9      | Noticed Pikel
  7616 | D:9      | Killed Pikel
  7619 | D:9      | Reached ***** piety under Lugonu
  7734 | D:9      | Found a stormy altar of Qazlal.
  7844 | D:9      | You fall into a shaft and drop 3 floors!
  7844 | D:12     | Found a gateway to a bazaar.
  7845 | D:12     | Noticed a cyclops
  7849 | D:12     | Killed a cyclops
  7866 | Bazaar   | Entered a bazaar
  7929 | Bazaar   | Found Celoaz's Jewellery Shoppe.
  7945 | Bazaar   | Found Ysoaxzia's Magic Scroll Shoppe.
  7945 | Bazaar   | Found Vusko's Antique Armour Emporium.
  7956 | Bazaar   | Bought a scroll of acquirement for 572 gold pieces
  7956 | Bazaar   | Acquired 775 gold pieces
  8051 | Bazaar   | Bought the ring of Veqaegun {rPois rC+ rN+ Str+8 SInv} for
                  | 651 gold pieces
  8076 | Bazaar   | Bought an embroidered scarf for 80 gold pieces
  8266 | D:11     | Noticed a skeletal warrior
  8266 | D:11     | Noticed a skeletal warrior
  8284 | D:11     | Noticed a cyclops
  8289 | D:10     | Entered Level 10 of the Dungeon
  8294 | D:10     | Killed a cyclops
  8367 | D:10     | Reached skill level 10 in Short Blades
  8524 | D:10     | Noticed a two-headed ogre
  8536 | D:10     | Killed a two-headed ogre
  8537 | D:10     | Gained mutation: You regenerate health from kills. [demonic
                  | ancestry]
  8537 | D:10     | Reached XP level 11. HP: 59/89 MP: 18/18
  8695 | D:9      | Noticed Grum
  8700 | D:9      | Killed Grum
  8820 | D:9      | Found an ornate altar of the Wu Jian Council.
  8908 | D:9      | Found a shimmering blue altar of Sif Muna.
  8908 | D:9      | Found a radiant altar of Vehumet.
  9138 | D:10     | Noticed a two-headed ogre
  9147 | D:10     | Killed a two-headed ogre
  9148 | D:10     | Reached skill level 10 in Fighting
  9177 | D:10     | Found a staircase to the Orcish Mines.
  9304 | D:10     | Found a sparkling altar of Nemelex Xobeh.
  9591 | D:11     | Noticed a two-headed ogre
  9602 | D:11     | Killed a two-headed ogre
  9704 | D:11     | Reached skill level 5 in Armour
  9749 | D:11     | Reached ****** piety under Lugonu
  9767 | D:11     | Noticed a boulder beetle
  9795 | D:11     | Noticed a boulder beetle
  9805 | D:11     | Noticed a two-headed ogre
  9808 | D:11     | Killed a boulder beetle
  9810 | D:11     | Noticed a two-headed ogre
  9819 | D:11     | Killed a boulder beetle
  9821 | D:11     | Killed a two-headed ogre
  9824 | D:11     | Gained mutation: You are powered by pain. [demonic
                  | ancestry]
  9824 | D:11     | Reached XP level 12. HP: 98/98 MP: 19/19
  9824 | D:11     | Killed a two-headed ogre
  9919 | D:11     | Noticed Erolcha
  9942 | D:11     | Killed Erolcha
  9947 | D:11     | Found a staircase to the Lair.
 10668 | Lair:1   | Entered Level 1 of the Lair of Beasts
 10668 | Lair:1   | Found a frozen archway.
 10692 | IceCv    | Entered an ice cave
 10720 | IceCv    | Reached skill level 1 in Evocations
 10804 | IceCv    | Reached XP level 13. HP: 100/108 MP: 20/20
 11079 | IceCv    | Noticed a white draconian
 11092 | IceCv    | Killed a white draconian
 11093 | IceCv    | Reached skill level 5 in Evocations
 11112 | IceCv    | Identified Sif Muna's Disquisition on the Frostbite
 11118 | IceCv    | Identified the +4 shortbow of Foul Odors {flame, rElec rC+
                  | Str-3}
 11659 | Lair:1   | Acquired the +2 cloak of the Little Devil {Fly rC+ Str+4}
 12169 | Lair:2   | Reached skill level 1 in Shields
 12376 | Lair:2   | Reached skill level 2 in Shields
 12444 | Lair:2   | Found a staircase to the Shoals.
 12470 | Lair:2   | Found a staircase to the Snake Pit.
 12476 | Lair:2   | Reached skill level 3 in Shields
 12511 | Lair:2   | Reached skill level 4 in Shields
 12586 | Lair:2   | Noticed Urug
 12603 | Lair:2   | Killed Urug
 12741 | Lair:2   | Reached skill level 5 in Shields
 13574 | Lair:3   | Noticed Gastronok
 13582 | Lair:3   | Killed Gastronok
 13583 | Lair:3   | Reached skill level 6 in Shields
 13921 | Lair:3   | Noticed Rupert
 13936 | Lair:3   | Killed Rupert
 13937 | Lair:3   | Reached skill level 7 in Shields
 14262 | Lair:4   | Reached XP level 14. HP: 115/115 MP: 21/21
 14355 | Lair:4   | Reached skill level 8 in Shields
 15409 | Lair:5   | Found a dark tunnel.
 15417 | Volcano  | Entered a volcano
 15463 | Volcano  | Found a burning altar of Makhleb.
 15492 | Volcano  | Reached skill level 9 in Shields
 15594 | Volcano  | Paralysed by an ogre mage for 6 turns
 15633 | Volcano  | Reached skill level 10 in Shields
 15800 | Lair:5   | Reached skill level 1 in Long Blades
 15830 | Lair:5   | Found a staircase to the Slime Pits.
 16367 | Lair:6   | Entered Level 6 of the Lair of Beasts
 16410 | Lair:6   | Reached skill level 5 in Long Blades
 17110 | Lair:6   | Gained mutation: You are completely covered in icy blue
                  | scales. (AC +4, rC+) [demonic ancestry]
 17110 | Lair:6   | Reached XP level 15. HP: 115/120 MP: 22/22
 17679 | Orc:1    | Entered Level 1 of the Orcish Mines
 17829 | Orc:1    | Noticed Fannar
 17846 | Orc:1    | Killed Fannar
 17921 | Orc:1    | Found a burning altar of Makhleb.
 18061 | Orc:2    | Entered Level 2 of the Orcish Mines
 18169 | Orc:2    | Reached skill level 10 in Long Blades
 18232 | Orc:2    | Found Elojinuu's Weapon Shop.
 18232 | Orc:2    | Found Leoghu's Armour Shoppe.
 18232 | Orc:2    | Found Goulel's Magic Scroll Emporium.
 18236 | Orc:2    | Found Ahuufa's Antique Armour Boutique.
 18562 | Orc:2    | Found a flickering gateway to a bazaar.
 18820 | Orc:2    | Found a staircase to the Elven Halls.
 19531 | D:13     | Acquired 403 gold pieces
 20058 | D:13     | Found a gate to the Vaults.
 20321 | D:14     | Noticed Louise
 20346 | D:14     | Killed Louise
 20347 | D:14     | Reached skill level 11 in Shields
 20365 | D:14     | You are sucked into a shaft and drop 1 floor!
 20365 | D:15     | Entered Level 15 of the Dungeon
 20701 | D:15     | Found a staircase to the Depths.
 20710 | D:15     | Reached skill level 12 in Shields
 20723 | D:15     | Gained mutation: You have hooves in place of feet. [demonic
                  | ancestry]
 20723 | D:15     | Reached XP level 16. HP: 106/127 MP: 23/23
 21292 | D:14     | Reached skill level 13 in Shields
 21432 | D:14     | Identified the +11 spear "Uthoa" {freeze, Str+3 Dex+3}
 21629 | D:14     | Found Ihukec's Armour Boutique.
 21999 | Shoals:1 | Entered Level 1 of the Shoals
 22183 | Lair:2   | Acquired 390 gold pieces
 22230 | Lair:2   | Reached skill level 14 in Shields
 22406 | Elf:1    | Entered Level 1 of the Elven Halls
 22516 | Elf:1    | Found a shimmering altar of Xom.
 22790 | Elf:1    | Reached skill level 15 in Shields
 23092 | Elf:1    | Reached skill level 5 in Dodging
 23270 | Elf:1    | Gained mutation: Your magical and physical power is
                  | slightly enhanced at high health. [demonic ancestry]
 23270 | Elf:1    | Reached XP level 17. HP: 102/128 MP: 24/24
 23853 | Elf:2    | Found Qumeab's Weapon Shop.
 24229 | Elf:2    | Found a runed translucent gate.
 24229 | Elf:2    | Found a runed translucent gate.
 24233 | Elf:2    | Found a runed translucent gate.
 24333 | Elf:2    | Reached skill level 10 in Armour
 24431 | Elf:2    | Cast into level 2 of the Abyss (+0 long sword of
                  | distortion)
 24836 | Abyss:2  | Paralysed by accursed screaming for 1 turns
 25581 | Abyss:3  | Found a corrupted altar of Lugonu.
 25602 | Abyss:3  | Reached XP level 18. HP: 140/140 MP: 25/25
 25722 | Abyss:3  | Paralysed by accursed screaming for 1 turns
 25724 | Abyss:3  | Gained mutation: Your muscles are strong. (Str +2) [a
                  | cacodemon]
 25725 | Abyss:3  | Paralysed by accursed screaming for 1 turns
 25728 | Elf:2    | Escaped the Abyss
 25739 | Abyss:1  | Noticed a bone dragon
 25740 | Abyss:1  | Found a corrupted altar of Lugonu.
 25752 | Abyss:1  | HP: 3/133 [revenant/ghostly fireball (7)]
 25828 | Abyss:1  | Found a corrupted altar of Lugonu.
 25966 | Abyss:1  | Reached skill level 16 in Shields
 26333 | Elf:2    | Escaped the Abyss
 27558 | Shoals:2 | Reached skill level 17 in Shields
 28834 | Shoals:3 | Identified the +1 animal skin "Ohimafe" {Str+4}
 29171 | Shoals:4 | Entered Level 4 of the Shoals
 29218 | Shoals:4 | Reached skill level 18 in Shields
 29322 | Shoals:4 | Identified the +3 steam dragon scales of the King of the
                  | Hill {rPois}
 29504 | Shoals:4 | Gained mutation: Your magical and physical power is
                  | enhanced at high health. [demonic ancestry]
 29504 | Shoals:4 | Reached XP level 19. HP: 47/146 MP: 26/26
 29671 | Shoals:4 | Noticed Polyphemus
 29695 | Shoals:4 | HP: 4/146 [Polyphemus (41)]
 29709 | Shoals:4 | Killed Polyphemus
 30413 | Shoals:4 | Got a barnacled rune of Zot
 30585 | Snake:1  | Entered Level 1 of the Snake Pit
 30750 | Snake:1  | Noticed Nikola
 30763 | Snake:1  | Killed Nikola
 30764 | Snake:1  | Reached skill level 19 in Shields
 30765 | Snake:1  | Acquired a +1 crystal plate armour
 31801 | Snake:2  | Noticed Asterion
 31814 | Snake:2  | Gained mutation: You occasionally shout uncontrollably at
                  | your foes. [a cacodemon]
 31815 | Snake:2  | Gained mutation: You evolve. [a cacodemon]
 31822 | Snake:2  | Gained mutation: Your body sometimes deteriorates upon
                  | taking damage. [a cacodemon]
 31825 | Snake:2  | Killed Asterion
 31986 | Snake:2  | Gained mutation: Your flesh is cold resistant. (rC+)
                  | [evolution]
 32772 | Snake:2  | Noticed Vashnia
 32800 | Snake:2  | Killed Vashnia
 32996 | Snake:2  | Identified a +8 broad axe of distortion (a +6 broad axe of
                  | electrocution corrupted by Lugonu)
 32996 | Snake:2  | Received a gift from Lugonu
 33067 | Snake:3  | Reached skill level 1 in Axes
 33388 | Snake:4  | Entered Level 4 of the Snake Pit
 33388 | Snake:4  | Noticed Aizul
 33399 | Snake:4  | Slain by a black mamba

Illustrated notes

Levels and vault maps discovered:
D:1:      dpeg_arrival_erosion, layout_basic,
          shapermc_ecumenical_altar_mp_ritualfount, serial_shops,
          nicolae_shop_temple_entry_statues_fountains
D:2:      layout_loops_corners, serial_shops, shop
D:3:      layout_basic, lemuel_coloured_pillars_altar,
          nicolae_dithmenos_the_darkroom, serial_shops, nicolae_shop_statue_plus
D:4:      layout_basic
D:5:      minmay_razor_zed, layout_loops_corners, lemuel_round_altar, uniq_ijyb
D:6:      layout_layer_cave, general_overflow_altar, serial_shops,
          nicolae_shop_statue_plus
D:7:      layout_basic, minmay_temple_entry_poolview,
          chequers_serial_rivers_large_a
D:8:      layout_loops_ring, kennysheep_mini_moat, lemuel_crystal_altar
D:9:      layout_small_grid, nicolae_wu_jian_immortal_techniques,
          amcnicky_altar_gilded, amethyst_overflow_temple_binary, serial_ice,
          serial_ice_o, serial_ice_j, serial_ice_e, serial_ice_m, uniq_grum,
          uniq_pikel
D:10:     layout_big_octagon, nemelex_xobeh_ov_fountains_minmay,
          lemuel_crystal_altar, zombieorc1_lemuel, serial_park,
          minmay_misc_feat_tower
D:11:     hangedman_what_comes_after_a, layout_small_grid,
          minmay_lair_entry_grove, uniq_erolcha
D:12:     layout_long_grid, serial_shops, bzr_entry_gold
D:13:     layout_basic, david_vaults_1
D:14:     minmay_the_grid_triangle_9x9_rhombus_thin
          [minmay_the_grid_triangle_9x9_zippers_vertical,
          minmay_the_grid_triangle_9x9_prize_top_heavy,
          minmay_the_grid_triangle_9x9_semitri,
          minmay_the_grid_triangle_9x9_pentomino_pain], layout_rooms,
          serial_shops, shop, hangedman_abyss_or_decor_stagger, uniq_louise
D:15:     gammafunk_depths_entry_grave, layout_long_grid,
          small_statue_intersection, minivault_16, statue_in_the_mist_lemuel
Lair:1:   layout_hall_layers, portal_ice_cave_entry_imps
Lair:2:   layout_chaotic_city, minmay_shoals_entry_centaurs,
          minmay_snake_entry_spellcaster, grunt_megastairs_5,
          infiniplex_staircase_pool_2, minmay_lair_oklob_chamber, uniq_urug
Lair:3:   layout_roguey, minivault_23, nicolae_quartered_pool_medium,
          disabler_island, uniq_gastronok, uniq_rupert
Lair:4:   layout_layer_cave
Lair:5:   layout_regular_city, dpeg_slime_entry_corner,
          nicolae_volcano_entry_hallway
Lair:6:   evilmike_catoblepas_cave, layout_loops_ring
Shoals:1: layout_shoals
Shoals:2: layout_shoals, nicolae_shoals_water_elemental_grotto
Shoals:3: argonaut_golden_fleece, layout_shoals
Shoals:4: shoals_end_grunt_ice, layout_shoals, nicolae_shoals_seven_spires,
          uniq_polyphemus
Snake:1:  layout_basic, uniq_nikola
Snake:2:  layout_grid_shapes, uniq_vashnia, uniq_asterion
Snake:3:  layout_onion
Snake:4:  snake_pit, layout_misc_corridors, gammafunk_ghost_berserking_beasts,
          nicolae_snake_dead_anacondas, serial_bayou_shore_b, uniq_aizul
Orc:1:    layout_caves, basic_altar, bloody_makhleb, uniq_fannar
Orc:2:    st_orc_rangers, layout_caves, serial_shops, bzr_entry_customers,
          guppyfry_library_mini
Elf:1:    eino_elf_arrival_customs, layout_rooms, basic_altar,
          hangedman_elven_crosses_minicolossus
Elf:2:    layout_geoelf_octagon, serial_shops,
          nicolae_shop_competitors_out_of_business, hex_tiny, st_stairs_9,
          uniq_jorgrun

Skill      XL: |  1  2  3  4  5  6  7  8  9 10 11 12 13 14 15 16 17 18 19 |
---------------+----------------------------------------------------------+-----
Short Blades   | 2 3 4 8 10 11 13 14 | 14.0
Dodging        | 1 2 4 5 8 |  8.0
Armour         | 2 3 4 8 12 | 12.0
Fighting       | 4 5 6 9 10 12 | 12.0
Invocations    | 4 10 | 10.0
Evocations     | 2 5 |  5.0
Shields        | 7 10 12 15 18 19 | 19.9
Long Blades    | 8 11 | 11.2
Axes           | 2 |  2.8

Action                   |  1- 3 |  4- 6 |  7- 9 | 10-12 | 13-15 | 16-18 | 19-21 || total
-------------------------+-------+-------+-------+-------+-------+-------+-------++-------
Melee: Spear             |    40 |       |       |       |       |       |       ||    40
       Short sword       |    69 |    48 |       |       |       |       |       ||   117
       Dagger            |       |   151 |       |       |       |       |       ||   151
       Kick              |       |    45 |    75 |   193 |   534 |   806 |   167 ||  1820
       Rapier            |       |       |   210 |   447 |  1039 |  1407 |   271 ||  3374
       Broad axe         |       |       |       |       |       |       |    39 ||    39
Invok: Depart the Abyss  |     1 |       |       |       |       |     2 |       ||     3
       Bend Space        |       |       |       |     1 |       |     2 |     2 ||     5
       Banish            |       |       |       |       |       |     2 |     1 ||     3
       Enter the Abyss   |       |       |       |       |       |     1 |       ||     1
       Brand Weapon With |       |       |       |       |       |       |     1 ||     1
Evoke: Wand              |       |       |       |       |     9 |       |     6 ||    15
  Use: Scroll            |       |       |     5 |     5 |     6 |    11 |     7 ||    34
       Potion            |       |       |       |     1 |     1 |     9 |       ||    11
 Stab: Sleeping          |     1 |       |     1 |       |       |       |       ||     2
       Distracted        |       |       |       |       |       |     2 |       ||     2
Armor: Leather armour    |    41 |    37 |     4 |       |       |       |       ||    82
       Ring mail         |       |       |    14 |       |       |       |       ||    14
       Plate armour      |       |       |    92 |   186 |   236 |   360 |    16 ||   890
       Crystal plate arm |       |       |       |       |       |       |    50 ||    50
Dodge: Dodged            |    66 |   119 |   128 |   282 |   241 |   225 |    61 ||  1122
       Repelled          |       |       |       |     2 |       |       |       ||     2
Block: Other             |       |       |    47 |    93 |    19 |       |       ||   159
       Reflection        |       |       |     7 |     2 |    69 |   130 |    72 ||   280
       Kite shield       |       |       |       |       |   601 |       |       ||   601
       Tower shield      |       |       |       |       |   104 |  1558 |   443 ||  2105

Table legend: (Time is in decaauts)
 A = Elapsed time spent in this place.
 B = Non-inter-level travel time spent in this place.
 C = Inter-level travel time spent in this place.
 D = Time resting spent in this place.
 E = Time spent auto-exploring this place.
 F = Levels seen in this place.
 G = Mean time per level.
                   A        B        C        D        E       F      G
               +--------+--------+--------+--------+--------+-----+--------+
         Total |  33655 |  31305 |   2350 |    362 |  24129 |  41 |  820.9 |
       Dungeon |  13916 |  12791 |   1125 |      2 |  10508 |  15 |  927.7 |
          Lair |   6488 |   5862 |    626 |    308 |   4702 |   6 | 1081.3 |
        Shoals |   4055 |   3894 |    161 |      0 |   3151 |   4 | 1013.8 |
     Snake Pit |   2296 |   2138 |    158 |      0 |   1705 |   4 |  574.0 |
  Orcish Mines |   1326 |   1211 |    115 |      0 |    840 |   2 |  663.0 |
   Elven Halls |   2247 |   2084 |    163 |     52 |   1443 |   2 | 1123.5 |
         Abyss |   1876 |   1876 |      0 |      0 |   1059 |   5 |  375.2 |
        Bazaar |    236 |    236 |      0 |      0 |    106 |   1 |  236.0 |
      Ice Cave |    896 |    896 |      0 |      0 |    463 |   1 |  896.0 |
       Volcano |    315 |    315 |      0 |      0 |    148 |   1 |  315.0 |
               +--------+--------+--------+--------+--------+-----+--------+

Top non-repeatable levels by time:
  Lair:2: 1854 daAuts
Shoals:4: 1379 daAuts
   Elf:1: 1342 daAuts
     D:9: 1309 daAuts
    D:11: 1301 daAuts
  Lair:4: 1231 daAuts
  Lair:6: 1159 daAuts
     D:5: 1137 daAuts
     D:7: 1059 daAuts
    D:14: 1039 daAuts
     D:6: 1028 daAuts
Shoals:1: 956 daAuts
 Snake:1: 939 daAuts
 Snake:2: 936 daAuts
 Abyss:2: 931 daAuts
